 Dungeon Crawl Stone Soup version 0.31.0-9-g3a7656b989 (webtiles) character file.

Game seed: 15729145305609420615

168 qw the Ducker (level 5, -3/26 HPs)
             Began as a Spriggan Hunter on Feb 2, 2024.
             Succumbed to a gnoll sergeant's poison
             ... on level 3 of the Dungeon.
             The game lasted 00:00:06 (1612 turns).

qw the Ducker (Spriggan Hunter)                     Turns: 1612, Time: 00:00:07

Health: -3/26      AC:  6    Str:  7    XL:     5   Next: 23%
Magic:  0/6        EV: 20    Int: 11    God:
Gold:   2          SH:  0    Dex: 20    Spells: 4/4 levels left

rFire   . . .        a - +2 shortbow
rCold   . . .        (shield currently unavailable)
rNeg    . . .        c - +0 robe
rPois   .            (helmet restricted)
rElec   .            (no cloak)
rCorr   .            (gloves unavailable)
SInv    +            (boots unavailable)
Will    .....        m - amulet of guardian spirit
Stlth   ++           l - +4 ring of protection
HPRegen 0.24/turn    (no ring)
MPRegen 0.10/turn

%: guardian spirit
@: lethally poisoned (-3 -> -26), very quick
A: very small, no large weapons, unfitting armour, see invisible, speed 3
a: no special abilities


You were on level 3 of the Dungeon.
You visited 1 branch of the dungeon, and saw 3 of its levels.

You collected 120 gold pieces.
You spent 118 gold pieces at shops.


Innate Abilities, Weirdness & Mutations

You are very small and have problems with some larger weapons.
You are too small for most types of armour.
You have supernaturally acute eyesight. (SInv)
You cover ground extremely quickly. (Speed+++)


   Skills:
 - Level 2.0 Fighting
 + Level 5.2 Ranged Weapons
 - Level 5.4 Dodging
 - Level 1.5 Stealth


You had 4 spell levels left.
You didn't know any spells.
Your spell library was empty.

Inventory:

Hand Weapons
 a - a +2 shortbow (weapon)
Armour
 c - a +0 robe (worn)
Jewellery
 e - a ring of resist corrosion
 l - a +4 ring of protection (left hand)
 m - an amulet of guardian spirit (around neck)
Scrolls
 d - a scroll of brand weapon {unknown}
Potions
 f - a potion of enlightenment {unknown}
 g - a potion of cancellation {unknown}

Dungeon Overview and Level Annotations

Branches:
Dungeon (3/15)

Altars:
Wu Jian
The Shining One

Shops:
D:3 *


Message History

You see here a +0 hand axe.
The gnoll sergeant shouts!
The gnoll shouts!
You open the door.
A gnoll sergeant is nearby!
You shoot an arrow.
The arrow closely misses the gnoll sergeant.
The gnoll sergeant hits you with a +7 spear of venom!
You are poisoned.
You shoot an arrow.
The arrow hits the gnoll sergeant but does no damage.
You feel very sick.
The gnoll sergeant hits you with a +7 spear of venom.
You are lethally poisoned!
You shoot an arrow. The arrow hits the gnoll sergeant.
The gnoll sergeant is lightly wounded.
You feel very sick.
The gnoll sergeant hits you with a +7 spear of venom.
1608 ||| READING scroll of teleportation.
As you read the scroll of teleportation, it crumbles to dust.
You feel strangely unstable.
You feel very sick. The gnoll sergeant misses you. The gnoll barely misses you.
1609 ||| DRINKING 2 potions of heal wounds.
You feel much better.
You feel very sick.
The gnoll sergeant hits you with a +7 spear of venom!
Ouch! That really hurt!
You are more poisoned.
The gnoll closely misses you.
1610 ||| DRINKING potion of heal wounds.
You feel much better.
You feel extremely sick.
The gnoll sergeant hits you with a +7 spear of venom!
The gnoll barely misses you.
You shoot an arrow.
The arrow barely misses the gnoll sergeant.
Your surroundings suddenly seem different.
You feel extremely sick.
There is a lethal amount of poison in your body!
You die...

...#####......###.#..%...####..##
##............##.......###....##
######.......#..##....###.######
##.(..........(......(%....
#........##...#...######## ####
#...........###....###
#..###........######......#####
##..##.......######............
##...........@......#......###
####.......##...........###
#.......##....########
#.......####### #########


There were no monsters in sight!

Vanquished Creatures
  A scorpion (D:2)
  3 gnolls (D:3)
  3 adders
  A dart slug (D:2)
  7 ball pythons
  4 endoplasms
  4 goblins
  4 hobgoblins
  7 jackals (D:1)
  A quokka (D:1)
  3 bats
  4 frilled lizards
  6 kobolds
  8 rats
56 creatures vanquished.

Notes
Turn   | Place    | Note
-------+----------+-------------------------------------------
     0 | D:1      | qw the Spriggan Hunter began the quest for the Orb.
     0 | D:1      | Reached XP level 1. HP: 10/10 MP: 2/2
     0 | D:1      | 0 ||| qw: Version: 0.3-a-155-g5e7d8dd
     0 | D:1      | 0 ||| qw: Game counter: 680
     0 | D:1      | 0 ||| qw: Melee chars always use a shield: true
     0 | D:1      | 0 ||| qw: God list: Okawaru
     0 | D:1      | 0 ||| qw: Allow faded altars: false
     0 | D:1      | 0 ||| qw: Do Orc after clearing Dungeon:15 true
     0 | D:1      | 0 ||| qw: Do second Lair branch before Depths: true
     0 | D:1      | 0 ||| qw: Lair rune preference: random
     0 | D:1      | 0 ||| qw: Goals: Normal
     0 | D:1      | 0 ||| PLANNING D:1-11
    44 | D:1      | Reached skill level 3 in Dodging
    64 | D:1      | Reached XP level 2. HP: 14/14 MP: 3/3
   407 | D:1      | 407 ||| UPGRADING to amulet of guardian spirit.
   412 | D:1      | 412 ||| UPGRADING to +4 ring of protection.
   413 | D:1      | 413 ||| READING scroll labelled ITZOMI XYUSSIS.
   414 | D:1      | 414 ||| READING 2 scrolls labelled RAQYAP NUCZUURCH.
   414 | D:1      | 414 ||| IDENTIFYING smoky blue potion
   415 | D:1      | 415 ||| READING scroll of identify.
   415 | D:1      | 415 ||| IDENTIFYING metallic sapphire potion
   416 | D:1      | 416 ||| READING scroll labelled NUNOER SUSUWK.
   517 | D:1      | 517 ||| READING scroll labelled MYAPOWUFRO.
   517 | D:1      | 517 ||| ENCHANTING +0 shortbow.
   518 | D:1      | 518 ||| READING scroll labelled UZXOMU WOBBAUR.
   518 | D:1      | 518 ||| ENCHANTING +0 shortbow.
   519 | D:1      | 519 ||| DRINKING 2 brown potions.
   520 | D:1      | 520 ||| DRINKING 2 fuming yellow potions.
   521 | D:1      | 521 ||| DROPPING scroll of butterflies.
   522 | D:1      | 522 ||| DROPPING potion of berserk rage.
   523 | D:1      | 523 ||| DROPPING potion of brilliance.
   524 | D:1      | 524 ||| DROPPING potion of invisibility.
   536 | D:2      | Reached XP level 3. HP: 18/18 MP: 4/4
   624 | D:2      | 624 ||| READING scroll of enchant weapon.
   624 | D:2      | 624 ||| ENCHANTING +1 shortbow.
   803 | D:2      | Found an ornate altar of the Wu Jian Council.
   957 | D:2      | 957 ||| READING scroll of identify.
   957 | D:2      | 957 ||| IDENTIFYING black potion
   958 | D:2      | 958 ||| READING scroll labelled ZAOCKIC SETAMPITA.
   994 | D:3      | Noticed a scorpion
   995 | D:3      | 995 ||| STAIRDANCE
   999 | D:3      | 999 ||| STAIRDANCE
  1001 | D:2      | 1001 ||| DRINKING potion of haste.
  1006 | D:2      | Killed a scorpion
  1007 | D:2      | Reached XP level 4. HP: 11/22 MP: 2/5
  1011 | D:2      | HP: 5/22 [poisoned by a scorpion]
  1017 | D:2      | HP: 2/22 [poisoned by a scorpion]
  1251 | D:3      | Found Dapaf's Assorted Antiques.
  1448 | D:3      | Reached XP level 5. HP: 26/26 MP: 6/6
  1479 | D:3      | 1479 ||| BUYING shiny agate ring (100 gold).
  1479 | D:3      | Bought a shiny agate ring for 100 gold pieces
  1479 | D:3      | 1479 ||| BUYING smoky ruby potion (18 gold).
  1479 | D:3      | Bought a smoky ruby potion for 18 gold pieces
  1509 | D:3      | Found a glowing golden altar of the Shining One.
  1595 | D:3      | Found the +5 woodcutter's axe
  1607 | D:3      | HP: 5/26 [gnoll sergeant/+7 spear of venom (3)]
  1608 | D:3      | 1608 ||| READING scroll of teleportation.
  1608 | D:3      | HP: 2/26 [poisoned by a gnoll sergeant]
  1609 | D:3      | 1609 ||| DRINKING 2 potions of heal wounds.
  1610 | D:3      | 1610 ||| DRINKING potion of heal wounds.
  1612 | D:3      | Succumbed to a gnoll sergeant's poison

Levels and vault maps discovered:
D:1:      giann_wishing_wells, layout_rooms
D:2:      layout_rooms, basic_altar, minmay_hedge_maze
D:3:      layout_rooms, nicolae_tso_swordbearing_angel, serial_shops,
          shop_statue, minmay_stone_trees_large, pf_guarded_unrand_woodcutter

Skill      XL: |  1  2  3  4  5 |
---------------+----------------+-----
Dodging        | 3 4 5 |  5.4
Ranged Weapons | 5 |  5.2
Fighting       | 2 |  2.0
Stealth        | |  1.5

Action                     |  1- 3 |  4- 6 || total
---------------------------+-------+-------++-------
   Fire: Shortbow          |   102 |    36 ||   138
    Use: Scroll            |     9 |     1 ||    10
         Potion            |     3 |     2 ||     5
 Armour: Robe              |     7 |     8 ||    15
  Dodge: Dodged            |    50 |     9 ||    59

Table legend:
 A = Non-vault XP
 B = Vault XP
 C = Vault XP percentage of total XP
 D = Non-vault monster count
 E = Vault monster count
 F = Vault count percentage of total count
                 A         B        C        D         E       F
            +---------+---------+-------+---------+---------+-------
      Total |     198 |      42 |  17.5 |      53 |       3 |   5.4
            +---------+---------+-------+---------+---------+-------
        D:1 |      38 |       0 |   0.0 |      22 |       0 |   0.0
        D:2 |     133 |       0 |   0.0 |      21 |       0 |   0.0
        D:3 |      27 |      42 |  60.9 |      10 |       3 |  23.1
            +---------+---------+-------+---------+---------+-------
